 Dungeon Crawl Stone Soup version 0.29.1-12-g30fa7ad0bf (webtiles) character file.

Game seed: 5280419969712196387

2708 H0rd4k the Martial Artist (level 9, -10/63 HPs)
             Began as an Octopode Artificer on Dec 13, 2022.
             Mangled by a wyvern (15 damage)
             ... on level 8 of the Dungeon.
             The game lasted 00:11:18 (10775 turns).

H0rd4k the Martial Artist (Octopode Artificer)     Turns: 10775, Time: 00:11:18

Health: -10/63     AC:  5    Str: 22    XL:     9   Next: 66%
Magic:  16/16      EV: 13    Int: 23    God:
Gold:   433        SH:  0    Dex:  8    Spells: 1/18 levels left

rFire   . . .      SeeInvis .     - Unarmed
rCold   + . .      Faith    .   (no shield)
rNeg    . . .      Spirit   .   (helmet restricted)
rPois   .          Reflect  .   D - amulet of magic regeneration
rElec   .          Harm     .   e - +6 ring of intelligence
rCorr   +          Rampage  .   d - ring "Jebas" {Fly rC+ rCorr Str+10 Dex-4}
Will    +....                   i - ring of flight
Stlth   ++........              r - ring of willpower
HPRegen 0.20/turn               y - +4 ring of protection
MPRegen 0.55/turn               B - ring of wizardry
                                (no ring)
                                (no ring)

@: lethally poisoned (-10 -> -11), flying
A: almost no armour, amphibious, 8 rings, camouflage 1, gelatinous body 1,
(nimble swimmer 1), tentacles
a: no special abilities


You were on level 8 of the Dungeon.
You visited 2 branches of the dungeon, and saw 9 of its levels.
You also visited: Sewer.

You collected 433 gold pieces.

Inventory:

Missiles
 a - a poisoned dart
 v - a curare-tipped dart (quivered)
Jewellery
 d - the ring "Jebas" (right tentacle) {Fly rC+ rCorr Str+10 Dex-4}
   (You found it on level 3 of the Dungeon)

   [ring of flight]

   Str:       It affects your strength (+10).
   Dex:       It affects your dexterity (-4).
   rC:        It protects you from cold.
   Fly:       It grants you flight.
   rCorr:     It protects you from acid and corrosion.
 e - a +6 ring of intelligence (left tentacle)
 i - a ring of flight (on tentacle)
 r - a ring of willpower (on tentacle)
 t - an amulet of the acrobat
 y - a +4 ring of protection (on tentacle)
 B - a ring of wizardry (on tentacle)
 D - an amulet of magic regeneration (around mantle)
 E - a ring of flight
Wands
 c - a wand of charming (3)
Scrolls
 h - 2 scrolls of teleportation
 l - a scroll of amnesia
 m - 5 scrolls of vulnerability
 q - 2 scrolls of fog
 s - 3 scrolls of fear
 u - a scroll of poison
 w - a scroll of enchant weapon
 C - 2 scrolls of torment
Potions
 g - 4 potions of might
 j - a potion of ambrosia {unknown}
 k - 2 potions of berserk rage
 n - 2 potions of lignification
 p - 2 potions of curing
 x - 7 potions of flight
 z - 3 potions of mutation
 A - a potion of heal wounds


   Skills:
 + Level 6.4 Fighting
 + Level 1.3 Throwing
 - Level 2.3 Dodging
 - Level 1.3 Stealth
 + Level 9.4 Unarmed Combat
 * Level 5.1 Spellcasting
 - Level 3.2 Evocations


You had one spell level left.
You knew the following spells:

 Your Spells              Type           Power      Damage    Failure   Level
a - Poisonous Vapours     Pois/Air       10%        N/A       6%          2
b - Olgreb's Toxic Radia  Pois           5%         N/A       34%         4
c - Alistair's Intoxicat  Tmut/Pois      3%         N/A       67%         5
d - Eringya's Noxious Bo  Tmut/Pois      2%         N/A       99%         6

Your spell library contained the following spells:

 Spells                   Type           Power      Damage    Failure   Level
 Sting                    Tmut/Pois      20%        1d4       4%          1
 Summon Small Mammal      Summ           20%        N/A       4%          1
 Call Canine Familiar     Summ           5%         N/A       12%         3
 Summon Guardian Golem    Hex/Summ       5%         N/A       12%         3
 Borgnjor's Vile Clutch   Necr/Erth      2%         N/A       67%         5


Dungeon Overview and Level Annotations

Branches:
Dungeon (8/15)             Temple (1/1) D:6           Sewer (visited)
   Lair: D:8-11

Altars:
Ashenzari
Dithmenos
Elyvilon
Hepliaklqana
Kikubaaqudgha
Makhleb
Nemelex Xobeh
Okawaru
Qazlal
Ru
Sif Muna
Trog
Uskayaw
Wu Jian
Xom
Zin
The Shining One

Annotations:
D:4 Edmund
D:5 exclusion: downstairs
D:6 1 runed translucent door, exclusion: door, Crazy Yiuf
D:7 exclusion: two-headed ogre
D:8 Joseph


Innate Abilities, Weirdness & Mutations

You cannot wear most types of armour.
You are amphibious.
You can wear up to eight rings at the same time.
Your skin changes colour to match your surroundings (Stealth+).
Your rubbery body absorbs attacks. (AC +1, EV +1)
((You are camouflaged when in or above water. (Stealth+)))
You have tentacles for arms and can constrict up to eight enemies at once.


Message History

The killer bee stings your electric eel!
Your electric eel dies!
You hear a splash.
The killer bee stings you. x2
Aiming: Charm
Press: ? - help, Shift-Dir - straight line, f - killer bee
Aim: a killer bee (lightly wounded, chance to affect: 66%)
The killer bee is charmed.
The killer bee completely misses you. The killer bee barely misses you.
The killer bee stings you but does no damage.
The killer bee barely misses you.
Aiming: Charm
Press: ? - help, Shift-Dir - straight line, f - killer bee, p - killer bee
Aim: a killer bee (water, chance to affect: 66%)
The killer bee is charmed.
The killer bee barely misses you. The killer bee misses you.
Unknown command.
You closely miss the killer bee. Your grab misses the killer bee.
The killer bee is heavily wounded.
Your killer bee completely misses the killer bee.
Your killer bee stings the killer bee.
The killer bee stings you.
You are poisoned.
The killer bee poisons you!
Your killer bee stings the killer bee!
The killer bee dies!
You feel sick.
You feel sick.
You feel sick.
A wyvern comes into view.
You feel sick.
You feel sick.
Your killer bee barely misses the wyvern. x2
Your killer bee stings the wyvern but does no damage.
The wyvern bites you!
* * * LOW HITPOINT WARNING * * *
You swap places.
You feel sick.
Your killer bee stings the wyvern!
The wyvern is poisoned.
Your killer bee poisons the wyvern!
Your killer bee stings the wyvern but does no damage.
The wyvern hisses menacingly.
The wyvern bites you!
You die...

#.. #.# ### #.# .!
#.# #.
#######.######.
###..............
#...#############
####.###############
#.y@............!...
#.ly≈≈≈.††≈≈≈.≈≈≈≈≈.
#.≈###≈.≈###≈.≈###≈.
#.≈# #≈.≈# ≈.≈# #≈.
#.≈# #≈.†# .≈# #≈.
#.≈≈≈≈≈.≈≈≈ .≈≈≈≈≈.
#........... ......
..≈≈≈≈≈.≈≈≈≈ ≈≈≈≈≈.
###≈.≈###


You could see a wyvern (very poisoned, ally target) and 2 friendly killer bees.

Vanquished Creatures
  A troll (D:5)
  Grinder (D:4)
  Sigmund (D:2)
  A steam dragon (D:7)
  Menkaure (D:4)
  An acid dragon (D:7)
  2 water moccasins
  3 ogres
  A centaur (D:5)
  A bullfrog (D:7)
  2 scorpions (D:6)
  A killer bee (D:5)
  A howler monkey (D:5)
  4 electric eels
  A hound (D:5)
  5 jellies
  An iguana (D:7)
  6 gnolls
  14 adders
  4 river rats (Sewer)
  2 shadow imps (D:6)
  4 white imps
  An ufetubus (D:6)
  11 worms
  2 dart slugs
  10 orcs
  6 endoplasms
  7 giant cockroaches
  6 goblins
  6 hobgoblins
  5 jackals
  4 quokkas
  9 ball pythons
  16 bats
  3 frilled lizards
  6 kobolds
  3 rats
153 creatures vanquished.

Vanquished Creatures (collateral kills)
  A centaur (D:6)
  2 killer bees (D:8)
  2 adders
  An orc (D:2)
6 creatures vanquished.

Vanquished Creatures (others)
  3 killer bees (D:6)
  An electric eel (D:8)
  A gnoll (D:2)
5 creatures vanquished.

Grand Total: 164 creatures vanquished

Notes
Turn   | Place    | Note
-------+----------+-------------------------------------------
     0 | D:1      | H0rd4k the Octopode Artificer began the quest for the Orb.
     0 | D:1      | Reached XP level 1. HP: 13/13 MP: 1/1
   473 | D:1      | Found a faded altar of an unknown god.
   558 | D:1      | Reached XP level 2. HP: 12/18 MP: 3/3
   560 | D:1      | Reached skill level 1 in Spellcasting
  1511 | D:1      | Reached XP level 3. HP: 20/24 MP: 5/5
  1851 | D:2      | Reached skill level 1 in Unarmed Combat
  1960 | D:2      | Found a hazy altar of Hepliaklqana.
  2303 | D:2      | Reached XP level 4. HP: 15/29 MP: 6/6
  2465 | D:2      | Noticed Sigmund
  2472 | D:2      | Killed Sigmund
  2473 | D:2      | Reached skill level 3 in Unarmed Combat
  2473 | D:2      | Reached XP level 5. HP: 24/36 MP: 6/9
  2473 | D:2      | Reached XP level 6. HP: 28/42 MP: 6/10
  3499 | D:3      | Identified the ring "Jebas" {Fly rC+ rCorr Str+10 Dex-4}
  3544 | D:3      | Found a stormy altar of Qazlal.
  3618 | D:3      | Noticed a water moccasin
  3787 | D:3      | Killed a water moccasin
  3788 | D:3      | Reached skill level 4 in Unarmed Combat
  3987 | D:3      | Found a glowing golden altar of the Shining One.
  4108 | D:3      | Found a hide-covered altar of Uskayaw.
  4154 | D:3      | Found a sacrificial altar of Ru.
  4218 | D:3      | Reached XP level 7. HP: 46/46 MP: 11/11
  4225 | D:3      | Found a shimmering altar of Xom.
  4305 | D:4      | Noticed Edmund
  4331 | D:4      | Noticed Grinder
  4359 | D:4      | Killed Grinder
  4360 | D:4      | Reached skill level 5 in Unarmed Combat
  4580 | D:4      | Found a glowing drain.
  4596 | Sewer    | Entered a sewer
  5621 | D:4      | Reached skill level 6 in Unarmed Combat
  6080 | D:4      | Noticed Menkaure
  6084 | D:4      | Killed Menkaure
  6085 | D:4      | Reached XP level 8. HP: 54/54 MP: 13/13
  6198 | D:5      | Entered Level 5 of the Dungeon
  6254 | D:5      | Noticed a troll
  6514 | D:5      | Killed a troll
  6515 | D:5      | Reached skill level 7 in Unarmed Combat
  6665 | D:5      | Identified the +0 leather armour "Idyzxaw" {rF- rC+ Will+
                  | Str+7}
  6690 | D:5      | Reached skill level 5 in Fighting
  7397 | D:6      | Found an ancient bone altar of Kikubaaqudgha.
  7415 | D:6      | Reached skill level 1 in Throwing
  7427 | D:6      | Reached skill level 8 in Unarmed Combat
  7427 | D:6      | Reached XP level 9. HP: 60/61 MP: 15/15
  7455 | D:6      | Found a staircase to the Ecumenical Temple.
  7477 | Temple   | Entered the Ecumenical Temple
  8248 | D:6      | Found a runed translucent door.
  8249 | D:6      | Noticed Crazy Yiuf
  8542 | D:6      | Found a shimmering blue altar of Sif Muna.
  8932 | D:7      | Noticed a two-headed ogre
  9315 | D:7      | Reached skill level 5 in Spellcasting
  9649 | D:7      | Reached skill level 9 in Unarmed Combat
 10221 | D:7      | Found a shadowy altar of Dithmenos.
 10523 | D:7      | Learned a level 2 spell: Poisonous Vapours
 10529 | D:7      | Learned a level 4 spell: Olgreb's Toxic Radiance
 10537 | D:7      | Learned a level 5 spell: Alistair's Intoxication
 10544 | D:7      | Learned a level 6 spell: Eringya's Noxious Bog
 10594 | D:8      | Found a burning altar of Makhleb.
 10608 | D:8      | Noticed Joseph
 10775 | D:8      | Mangled by a wyvern

Illustrated notes

Levels and vault maps discovered:
D:1:      minmay_arrival_shattered_statue, layout_basic,
          hellmonk_ecumenical_altar_heavens_door
D:2:      layout_basic, basic_altar, grunt_ministairs_14,
          hangedman_decor_growths, uniq_sigmund
D:3:      layout_basic, grunt_qazlal_clouds, mainiacjoe_overflow_big_doors,
          mainiacjoe_overflow_paths, lemuel_coloured_pillars_altar,
          minmay_strange_pillars
D:4:      layout_basic, cheibrodos_sewer_entry_bend, uniq_grinder,
          uniq_menkaure, uniq_edmund
D:5:      layout_basic, nicolae_figureground_sparkle
D:6:      layout_loops_ring, mainiacjoe_overflow_alcove_1,
          mainiacjoe_overflow_alcove_2, minmay_temple_entry_offerings,
          uniq_crazy_yiuf_cottage
D:7:      statuecave_lemuel, layout_loops_ring, kennysheep_little_box
D:8:      layout_basic, mainiacjoe_overflow_concentric_impassable,
          kennysheep_boxes, uniq_joseph, uniq_amaemon
Temple:   hellmonk_temple_two_chambers

Skill      XL: |  1  2  3  4  5  6  7  8  9 |
---------------+----------------------------+-----
Spellcasting   | 1 2 3 4 5 |  5.1
Fighting       | 2 3 4 5 6 |  6.4
Unarmed Combat | 1 3 4 6 8 9 |  9.4
Throwing       | 1 |  1.3
Dodging        | |  2.3
Stealth        | |  1.3
Evocations     | |  3.2

Action                   |  1- 3 |  4- 6 |  7- 9 || total
-------------------------+-------+-------+-------++-------
Melee: Unarmed           |    86 |    72 |   219 ||   377
       Constrict         |    26 |    21 |    44 ||    91
       Tentacles         |    24 |    16 |    47 ||    87
       Punch             |       |     3 |     8 ||    11
Throw: Dart              |       |     2 |     3 ||     5
Evoke: Wand              |     2 |    10 |    20 ||    32
  Use: Potion            |       |     1 |     3 ||     4
       Scroll            |       |       |    13 ||    13
 Stab: Sleeping          |     8 |     5 |     9 ||    22
       Distracted        |       |       |     1 ||     1
Armor: Skin              |    14 |     3 |    19 ||    36
Dodge: Dodged            |    54 |    34 |   185 ||   273
